 Dungeon Crawl Stone Soup version 0.30.1-4-g462c640d31 (webtiles) character file.

Game seed: 8117261662902779647

189 Tirrikindir the Trooper (level 5, -3/36 HPs)
             Began as an Octopode Fighter on Aug 16, 2023.
             Slain by an orc wizard
             ... wielding a +0 dagger
              (5 damage)
             ... on level 3 of the Dungeon.
             The game lasted 00:05:10 (1827 turns).

Tirrikindir the Trooper (Octopode Fighter)          Turns: 1827, Time: 00:05:11

Health: -3/36      AC:  1    Str: 15    XL:     5   Next: 68%
Magic:  5/5        EV: 13    Int: 10    God:
Gold:   53         SH:  0    Dex: 14    Spells: 4/4 levels left

rFire   . . .        a - +0 long sword
rCold   + . .        b - +0 buckler
rNeg    . . .        (helmet restricted)
rPois   .            f - amulet of magic regeneration
rElec   .            m - ring of protection from cold
rCorr   .            (no ring)
SInv    .            (no ring)
Will    .....        (no ring)
Stlth   ++           (no ring)
HPRegen 0.26/turn    (no ring)
MPRegen 0.49/turn    (no ring)
                     (no ring)

%: no passive effects
@: confused, hasted, very quick
A: almost no armour, amphibious, 8 rings, camouflage 1, gelatinous body 1,
(nimble swimmer 1), tentacles
a: no special abilities


You were on level 3 of the Dungeon.
You visited 1 branch of the dungeon, and saw 3 of its levels.

You collected 77 gold pieces.
You spent 24 gold pieces at shops.

Inventory:

Hand Weapons
 a - a +0 long sword (weapon)
Missiles
 i - 3 boomerangs (quivered)
Armour
 b - a +0 buckler (worn)
Jewellery
 f - an amulet of magic regeneration (around mantle)
 m - a ring of protection from cold (left tentacle)
Scrolls
 d - a scroll of immolation
 e - 2 scrolls of vulnerability {unknown}
 g - a scroll of amnesia
 j - 4 scrolls of enchant weapon
 k - 2 scrolls of blinking {unknown}
 l - a scroll of noise {unknown}
Potions
 h - a potion of haste


   Skills:
 + Level 3.6 Fighting
 * Level 3.5 Long Blades
 + Level 1.2 Throwing
 + Level 3.5 Dodging
 + Level 2.6 Stealth
 + Level 3.6 Shields


You had 4 spell levels left.
You didn't know any spells.
Your spell library contained the following spells:

 Spells                   Type           Power      Damage    Failure   Level
 Foxfire                  Conj/Fire      0%         2x1d4     45%         1
 Magic Dart               Conj           0%         1d3       45%         1
 Cigotuvi's Dreadful Rot  Necr/Pois/Air  0%         N/A       58%         2
 Searing Ray              Conj           0%         2d4       58%         2
 Ignite Poison            Fire/Tmut/Pois 0%         N/A       83%         3
 Ozocubu's Armour         Ice            0%         N/A       83%         3
 Fulminant Prism          Conj/Hex       0%         3d5       99%         4
 Fireball                 Conj/Fire      0%         3d3       100%        5
 Freezing Cloud           Conj/Ice/Air   0%         6-21      100%        5
 Metabolic Englaciation   Hex/Ice        0%         N/A       100%        5
 Plasma Beam              Fire/Air       0%         2x1d11    100%        6
 Simulacrum               Ice/Necr       0%         N/A       100%        6
 Starburst                Conj/Fire      0%         6d3       100%        6


Dungeon Overview and Level Annotations

Branches:
Dungeon (3/15)

Altars:
Kikubaaqudgha

Shops:
D:3 ?


Innate Abilities, Weirdness & Mutations

You cannot wear most types of armour.
You are amphibious.
You can wear up to eight rings at the same time.
Your skin changes colour to match your surroundings (Stealth+).
Your rubbery body absorbs attacks. (AC +1, EV +1)
((You are camouflaged when in or above water. (Stealth+)))
You have tentacles for arms and can constrict up to eight enemies at once.


Message History

You closely miss the orc. You grab the orc. You constrict the orc.
The orc misses you. The orc closely misses you.
You barely miss the orc. Your grab misses the orc. Your squeeze misses the orc.
You constrict the orc. The orc closely misses you. The orc barely misses you.
You slash the orc!
You kill the orc!
You constrict the orc.
You kill the orc!
Something hits you.
Items here: ( )) ††.
Found a stone staircase leading up.
You hear some strange, mumbled words.
Something tries to affect you, but you resist.
You hear some strange, mumbled words.
You are confused.
You bump into the rock wall.
You miss something. Your squeeze misses something. Something hits you.
You hear some strange, mumbled words.
A magic dart appears from out of thin air!
The magic dart hits you!
You barely miss something. Something hits you.
You bump into the rock wall.
Something hits you.
You bump into the rock wall.
You feel less confused. Something hits you.
You slash something! Your squeeze misses something. Something hits you.
You hit something.
You hear some strange, mumbled words.
A puff of flame appears from out of thin air!
The puff of flame misses you.
You hit something. Something hits you.
You hear some strange, mumbled words.
A puff of flame appears from out of thin air!
The puff of flame hits you!
* * * LOW HITPOINT WARNING * * *
It was a potion of cancellation.
You feel magically purged.
You hear some strange, mumbled words.
You are confused.
You feel yourself speed up. Something hits you.
You die...

#<# #.# #.#
#.### #... #..#
#..# #@.# ###{.#
#..).# ####
#.#$....# ...#
#.####### ...#
#.# ...# #.#
.÷.# #.#
..############.#


There were no monsters in sight!

Vanquished Creatures
  A hound (D:3)
  An orc priest (D:3)
  An orc wizard (D:3)
  3 adders
  2 worms
  A dart slug (D:2)
  8 orcs (D:3)
  4 ball pythons
  5 bats
  7 endoplasms
  4 giant cockroaches (D:1)
  4 goblins (D:1)
  2 hobgoblins
  5 jackals
  3 kobolds
  3 quokkas
  3 frilled lizards
  3 rats
  A spectral hobgoblin (D:2)
61 creatures vanquished.

Notes
Turn   | Place    | Note
-------+----------+-------------------------------------------
     0 | D:1      | Tirrikindir the Octopode Fighter began the quest for the
                  | Orb.
     0 | D:1      | Reached XP level 1. HP: 16/16 MP: 1/1
   100 | D:1      | Reached XP level 2. HP: 17/21 MP: 2/2
   240 | D:1      | Reached skill level 1 in Stealth
   268 | D:1      | Reached XP level 3. HP: 26/26 MP: 3/3
  1044 | D:2      | Reached XP level 4. HP: 31/31 MP: 4/4
  1136 | D:2      | Found a faded altar of an unknown god.
  1287 | D:3      | Found The Oracle's Delphic Readings.
  1294 | D:3      | Bought a scroll of identify for 24 gold pieces
  1312 | D:3      | Found an ancient bone altar of Kikubaaqudgha.
  1543 | D:3      | Reached XP level 5. HP: 35/36 MP: 5/5
  1574 | D:3      | Reached skill level 1 in Throwing
  1827 | D:3      | Slain by an orc wizard

Illustrated notes

Levels and vault maps discovered:
D:1:      tarquinn_simple_flora_water_c, layout_basic
D:2:      layout_loops_ring, dreamdust_ecumenical_altar_drowned_temple
D:3:      layout_basic, kiku_gazebo_garden_becter, nicolae_nh_oracle_at_delphi

Skill      XL: |  1  2  3  4  5 |
---------------+----------------+-----
Stealth        | 1 2 |  2.6
Long Blades    | 3 |  3.5
Throwing       | 1 |  1.2
Fighting       | |  3.6
Dodging        | |  3.5
Shields        | |  3.6

Action                     |  1- 3 |  4- 6 || total
---------------------------+-------+-------++-------
  Melee: Long sword        |    53 |    72 ||   125
         Constrict         |    16 |    12 ||    28
         Tentacles         |     7 |     7 ||    14
         Punch             |       |     1 ||     1
  Throw: Boomerang         |       |     1 ||     1
    Use: Scroll            |     2 |     2 ||     4
         Potion            |       |     4 ||     4
   Stab: Sleeping          |     6 |     5 ||    11
 Armour: Skin              |     2 |     5 ||     7
  Dodge: Dodged            |    41 |    36 ||    77
  Block: Buckler           |     9 |     7 ||    16
